 Dungeon Crawl Stone Soup version 0.26-a0-612-gd4d190f45e (webtiles) character file.

Game seed: 736687076941650879

221722 Hastur the Imperceptible (level 19, 0/125 HPs)
             Began as a Kobold Brigand on Sept 9, 2020.
             Was a Follower of Uskayaw.
             Splashed by a deep elf sorcerer's acid (15 damage)
             ... on level 3 of the Elven Halls on Sept 10, 2020.
             The game lasted 02:48:56 (72072 turns).

Hastur the Imperceptible (Kobold Brigand)          Turns: 72072, Time: 02:48:56

Health: 0/125      AC: 13    Str: 15    XL:     19   Next: 98%
Magic:  31/31      EV: 27    Int: 14    God:    Uskayaw [*.....]
Gold:   691        SH:  8    Dex: 16    Spells: 25/28 levels left

rFire    + . .     SeeInvis .   b - +2 rapier (venom)
rCold    + . .     Faith    +   w - +2 buckler
rNeg     . . .     Spirit   .   Q - +2 leather armour {rPois}
rPois    +         Reflect  .   F - +2 helmet
rElec    .         Harm     .   E - +1 cloak {rC+}
rCorr    .                      G - +1 pair of gloves {archery}
MR       +....                  (no boots)
Stlth    +++++++++.             R - amulet of faith {!P}
HPRegen  0.30/turn              i - ring of protection from fire
MPRegen  0.22/turn              T - +4 ring of protection

@: corroded
A: small, nightstalker 3
}: 1/15 runes: serpentine
a: Stomp, Renounce Religion


You were on level 3 of the Elven Halls.
You worshipped Uskayaw.
Uskayaw was most pleased with you.
You visited 6 branches of the dungeon, and saw 31 of its levels.
You also visited: Ice Cave.

You collected 4366 gold pieces.
You spent 3675 gold pieces at shops.

Inventory:

Hand Weapons
 a - a +4 dagger of venom
   (You took it off an orc wizard on level 9 of the Dungeon)
 b - a +2 rapier of venom (weapon)
   (You took it off a deep elf mage on level 1 of the Elven Halls)
 S - the +7 dagger of the Old World {holy, Stlth+}
   (You bought it in a shop on level 2 of the Elven Halls)

   It has been blessed by the Shining One to cause great damage to the undead
   and demons.
   It makes you more stealthy.
Missiles
 f - 88 poisoned darts (quivered)
 J - 2 throwing nets {!f}
 O - 21 curare-tipped darts {!f}
Armour
 m - a +2 robe of resistance
   (You took it off Jessica on level 2 of the Dungeon)
 w - a +2 buckler (worn)
   (You took it off a deep elf knight on level 2 of the Elven Halls)
 E - a +1 cloak of cold resistance (worn)
   (You found it in an ice cave)
 F - a +2 helmet (worn)
   (You found it on level 5 of the Lair of Beasts)
 G - a +1 pair of gloves of archery (worn)
   (You bought it in a shop on level 2 of the Orcish Mines)
 Q - a +2 leather armour of poison resistance (worn)
   (You took it off an orc wizard on level 8 of the Dungeon)
Jewellery
 i - a ring of protection from fire (left hand)
   (You took it off a wight on level 10 of the Dungeon)
 o - an uncursed ring of protection from cold
   (You found it on level 1 of the Lair of Beasts)
 I - a +4 ring of evasion
   (You took it off a naga sharpshooter on level 4 of the Snake Pit)
 M - a +4 ring of slaying
   (You found it on level 6 of the Lair of Beasts)
 R - an amulet of faith (around neck) {!P}
   (You found it on level 14 of the Dungeon)
 T - a +4 ring of protection (right hand)
   (You found it on level 1 of the Lair of Beasts)
Wands
 d - a wand of iceblast (28)
   (You found it in an ice cave)
 p - a wand of polymorph (55)
   (You found it on level 7 of the Dungeon)
 t - a wand of flame (50)
   (You took it off Natasha on level 1 of the Dungeon)
 u - a wand of paralysis (10)
   (You found it on level 8 of the Dungeon)
 v - a wand of digging (3)
   (You took it off a wight on level 10 of the Dungeon)
 x - a wand of acid (13)
   (You found it on level 3 of the Dungeon)
 N - a wand of enslavement (3)
   (You found it on level 2 of the Snake Pit)
Scrolls
 e - 5 scrolls of fog
 g - 14 scrolls of remove curse {@r2}
 h - 2 scrolls of blinking
 j - 3 scrolls of fear
 r - 6 scrolls of teleportation {@r4}
 s - 3 scrolls of summoning
 L - a scroll of vulnerability {!r}
 V - 2 scrolls of silence
 W - a scroll of identify {@r1}
 Z - 7 scrolls of magic mapping
Potions
 k - 8 potions of curing {@q1}
 l - 5 potions of might
 n - 5 potions of flight
 q - 4 potions of heal wounds {@q2}
 y - 2 potions of cancellation
 z - 4 potions of haste {@q3}
 A - 3 potions of resistance
 B - 4 potions of mutation {!q}
 C - 2 potions of lignification {!q}
 D - 3 potions of invisibility
 H - 5 potions of ambrosia
 K - 3 potions of brilliance
 Y - a potion of magic
Miscellaneous
 c - a box of beasts (2/3)
   (You found it on level 1 of the Snake Pit)
 P - a lightning rod (4/4) {!a}
   (You found it on level 12 of the Dungeon)
 U - a condenser vane (2/2)
   (You found it on level 1 of the Lair of Beasts)
 X - a phantom mirror
   (You found it on level 6 of the Lair of Beasts)


   Skills:
 - Level 16.0 Fighting
 + Level 12.7 Short Blades
 - Level 2.1 Throwing
 - Level 5.0 Armour
 + Level 15.3 Dodging
 + Level 21.1 Stealth
 - Level 5.6 Shields
 - Level 5.0 Spellcasting
 - Level 7.0 Hexes
 + Level 17.5 Invocations
 - Level 10.0 Evocations


You had 25 spell levels left.
You knew the following spells:

 Your Spells              Type           Power        Failure   Level
a - Confusing Touch       Hex            ###.....     3%          3

Your spell library contained the following spells:

 Spells                   Type           Power        Failure   Level
 Corona                   Hex            ###....      1%          1
 Tukima's Dance           Hex            ###.....     3%          3
 Ensorcelled Hibernation  Hex/Ice        ##....       8%          2
 Cause Fear               Hex            ###.......   12%         4
 Dazzling Flash           Conj/Hex       ##....       14%         3
 Animate Skeleton         Necr           #.....       21%         1
 Apportation              Tloc           #.....       21%         1
 Foxfire                  Conj/Fire      #...         21%         1
 Freeze                   Ice            #...         21%         1
 Magic Dart               Conj           #...         21%         1
 Pain                     Necr           #...         21%         1
 Sandblast                Erth           #.....       21%         1
 Summon Small Mammal      Summ           #...         21%         1
 Passwall                 Tmut/Erth      #.......     30%         2
 Poisonous Vapours        Pois/Air       #.....       30%         2
 Searing Ray              Conj           #.....       30%         2
 Sublimation of Blood     Necr           #.........   30%         2
 Fulminant Prism          Conj/Hex       ##........   43%         4
 Conjure Flame            Conj/Fire      #.......     52%         3
 Frozen Ramparts          Ice            #.....       52%         3
 Gell's Gravitas          Tloc           #.........   52%         3
 Ignite Poison            Fire/Tmut/Pois #.......     52%         3
 Lesser Beckoning         Tloc           #.........   52%         3
 Mephitic Cloud           Conj/Pois/Air  #.......     52%         3
 Ozocubu's Armour         Ice            #.......     52%         3
 Stone Arrow              Conj/Erth      #.....       52%         3
 Vampiric Draining        Necr           #.........   52%         3
 Metabolic Englaciation   Hex/Ice        ##........   80%         5
 Silence                  Hex/Air        ##........   80%         5
 Yara's Violent Unravell  Hex/Tmut       ##........   80%         5
 Invisibility             Hex            ###.....     87%         6
 Animate Dead             Necr           #.........   90%         4
 Dispel Undead            Necr           #.......     90%         4
 Hailstorm                Conj/Ice       #.......     90%         4
 Ice Form                 Ice/Tmut       #.......     90%         4
 Iskenderun's Mystic Bla  Conj/Tloc      #.......     90%         4
 Petrify                  Tmut/Erth      #.......     90%         4
 Summon Ice Beast         Ice/Summ       #.......     90%         4
 Agony                    Necr           #.......     99%         5
 Alistair's Intoxication  Tmut/Pois      #........    99%         5
 Bolt of Magma            Conj/Fire/Erth #.........   99%         5
 Irradiate                Conj/Tmut      #.........   99%         5
 Lee's Rapid Deconstruct  Erth           #.........   99%         5
 Eringya's Noxious Bog    Tmut/Pois      #.........   100%        6
 Freezing Cloud           Conj/Ice/Air   #.........   100%        6
 Hydra Form               Tmut           #.........   100%        6
 Ozocubu's Refrigeration  Ice            #.........   100%        6
 Simulacrum               Ice/Necr       #.........   100%        6
 Statue Form              Tmut/Erth      #........    100%        6
 Dragon Form              Tmut           #.........   100%        7
 Discord                  Hex            ###.......   100%        8


Dungeon Overview and Level Annotations

Branches:
Dungeon (15/15)            Temple (1/1) D:6            Lair (6/6) D:10
 Shoals (0/4) Lair:2        Snake (4/4) Lair:3        Slime (0/5) Lair:6
    Orc (2/2) D:9             Elf (3/3) Orc:2        Vaults (0/5) D:13
 Depths (0/5) D:15          IceCv (visited)

Altars:
Ashenzari
Cheibriados
Dithmenos
Elyvilon
Fedhas
Gozag
Hepliaklqana
Kikubaaqudgha
Makhleb
Nemelex Xobeh
Okawaru
Qazlal
Ru
Sif Muna
Trog
Uskayaw
Vehumet
Wu Jian
Xom
Yredelemnul
Zin
The Shining One
Beogh

Shops:
D:6 *(   D:8 [   D:11 *   Orc:1 =   Orc:2 [[(?   Elf:1 ???*   Elf:2 (   Elf:3 !
Snake:4 ?!*

Annotations:
D:8 2 runed translucent doors, exclusion: orange crystal statue
D:9 3 runed translucent doors, confidenceinterval's ghost, journeyman GnMo
D:12 hexes
D:14 2 transporters, Vit Zug's ghost, veteran KoGl
Lair:4 exclusion: 4 oklob plants
Lair:5 1 runed translucent door, exclusion: 4 oklob plants, Cikygh's ghost, journeyman GrEE
Snake:4 1 exclusion
Elf:2 4 runed translucent doors


Innate Abilities, Weirdness & Mutations

You are small and have problems with some larger weapons.
You are completely attuned to the shadows.


Message History

You puncture the ghostly deep elf death mage!
Uskayaw will force your foes to share their pain.
Uskayaw links your audience in an emotional bond!
You hit the ghostly deep elf death mage but do no damage.
You block the ghostly deep elf death mage's attack.
You closely miss the ghostly deep elf death mage.
You stomp with the beat, sending a shockwave through the revelers around you!
Uskayaw will no longer force your foes to share their pain.
The ghostly deep elf death mage hits you but does no damage.
You stomp with the beat, sending a shockwave through the revelers around you!
The ghostly deep elf death mage hits you but does no damage.
You stomp with the beat, sending a shockwave through the revelers around you!
Uskayaw will no longer force your foes to helplessly watch your dance.
The lost soul is no longer sharing its pain.
The ghostly deep elf death mage hits you but does no damage.
Uskayaw will force your foes to helplessly watch your dance.
You completely miss the ghostly deep elf death mage.
The ghostly deep elf death mage completely misses you.
You puncture the ghostly deep elf death mage!
You destroy the ghostly deep elf death mage!
The lost soul fades away!
You see here a +0 short sword.
Uskayaw will no longer force your foes to helplessly watch your dance.
Things that are here:
a +0 rapier; an elf corpse You can no longer pass through a line of other dancers.
You start resting.
You start resting.
A deep elf sorcerer comes into view. It is wielding a +0 dagger.
The deep elf sorcerer gestures at you while chanting.
The sphere of damnation explodes!
The damnation engulfs you!!!
* * * LOW HITPOINT WARNING * * *
You hear a shout! x5
The deep elf sorcerer hits you but does no damage.
Aim: a deep elf sorcerer, wielding a +0 dagger (chance to defeat MR: 3%)
Okay, then.
Unknown command.
You open the lid... ...and a mature stingfire beast leaps out!
The deep elf sorcerer gestures wildly while chanting.
The deep elf sorcerer seems to speed up.
You block the deep elf sorcerer's attack.
Your mature stingfire beast breathes flames at the deep elf sorcerer.
The blast of flame hits the deep elf sorcerer!!!
You puncture the deep elf sorcerer!
The deep elf sorcerer casts a spell at you.
The bolt of acid hits you!!
* * * LOW HITPOINT WARNING * * *
The acid corrodes you!
You are splashed with acid!
You die...

#####.###..#######.#
...................##
....................##
.............≈≈≈≈≈....
...........≈≈≈≈≈≈≈≈≈..
≈≈≈≈≈≈≈≈≈≈≈≈≈#####≈≈≈.
≈≈≈≈≈≈≈≈≈≈≈## ##≈≈.
################### ##≈≈
........)..@.....+ #≈≈
.......)...e..H..+ #≈≈
#+##'#####'####### #≈≈
#.☼E○.'........## ##≈≈
#.E○☼.#.........## #≈≈.
+.e○§☼#..........##++#≈≈≈.
#.##.###########...#..#≈≈..
###...# #...'..#≈≈..
##...## #...#..#≈≈..


You could see a deep elf sorcerer (fast) and a friendly mature stingfire beast
(summoned, catching breath).

Vanquished Creatures
  7 nagarajas
  A deep elf sorcerer (Elf:2)
  A fire giant (D:15)
  A deep elf elementalist (Elf:3)
  Louise (Snake:3)
  An iron dragon (D:14)
  A deep elf annihilator (Elf:3)
  Azrael (D:15)
  4 deep elf death magi
  Snorg (Lair:4)
  10 naga warriors
  9 hydras
  8 vault guards
  6 anacondas
  3 catoblepae (Lair:6)
  10 dancing weapons
  6 two-headed ogres
  3 centaur warriors
  7 shock serpents
  9 death yaks
  14 naga sharpshooters
  Sonja (Lair:3)
  17 deep elf knights
  2 salamander mystics
  An unseen horror (D:12)
  A glowing orange brain (shapeshifter) (D:12)
  3 necromancers
  46 deep elf magi
  5 naga ritualists
  10 deep elf archers
  9 orc knights
  A wolf spider (shapeshifter) (Elf:1)
  A wolf spider zombie (D:15)
  6 mana vipers
  2 cyclopes
  5 ugly things (D:14)
  3 orc sorcerers
  5 manticores
  A centaur zombie (D:13)
  7 salamanders
  3 guardian serpents
  38 black mambas
  15 elephants
  2 gargoyles
  An ice statue (IceCv)
  14 naga magi
  A torpor snail (Lair:5)
  11 cane toads
  4 rime drakes
  9 komodo dragons
  10 freezing wraiths (IceCv)
  A queen bee (Lair:5)
  A small abomination (Elf:3)
  6 trolls
  3 large abominations (Elf:1)
  3 meliai (Lair:5)
  2 wolf spider simulacra (IceCv)
  A blink frog (shapeshifter) (D:14)
  10 slime creatures
  A hornet (D:13)
  7 dream sheep
  18 blink frogs
  A snapping turtle (Snake:3)
  14 hippogriffs
  2 shadows (D:14)
  5 water elementals
  A vampire (D:13)
  An air elemental (Elf:2)
  A wraith (D:15)
  49 yaks
  9 fire elementals
  5 wyverns
  5 basilisks
  5 vampire mosquitoes
  A death yak simulacrum (IceCv)
  12 wargs
  A soldier ant (D:10)
  2 acid dragons (D:13)
  64 nagas
  11 water moccasins
  3 hell hounds (D:15)
  13 porcupines
  40 orc warriors
  20 ice beasts
  2 sky beasts
  3 black bears (D:10)
  10 necrophages
  An eye of draining (D:9)
  4 phantoms
  A wolf (Lair:5)
  16 ogres
  20 crocodiles
  12 centaurs
  4 big kobolds
  4 elf zombies (Elf:1)
  18 bullfrogs
  An earth elemental (Elf:1)
  A scorpion (D:10)
  35 killer bees (Lair:5)
  7 wights (D:10)
  4 electric eels
  8 howler monkeys
  A swamp dragon simulacrum (IceCv)
  2 bullfrog zombies
  8 hounds
  A draconian simulacrum (IceCv)
  A quasit (D:10)
  24 orc priests
  5 jellies
  Crazy Yiuf (D:2)
  3 bullfrog skeletons
  Jessica (D:2)
  4 centaur skeletons
  3 iguanas
  22 orc wizards
  Natasha (thrice) (D:1)
  2 polar bear simulacra (Lair:6)
  3 worker ants
  5 spriggan simulacra (IceCv)
  4 troll simulacra (IceCv)
  3 yak simulacra (Lair:6)
  4 wolf simulacra (Lair:6)
  5 centaur simulacra (IceCv)
  2 hound skeletons
  2 worker ant zombies
  12 gnolls
  8 adders
  A howler monkey skeleton (D:4)
  2 naga simulacra (IceCv)
  3 ogre simulacra (IceCv)
  A shadow imp (D:6)
  13 white imps
  3 oozes
  2 adder zombies
  An adder skeleton (D:5)
  2 worms
  3 dart slugs
  4 leopard geckos
  134 orcs
  4 giant cockroaches
  6 goblins
  6 hobgoblins
  5 jackals
  25 kobolds
  2 quokkas
  2 ball pythons
  11 bats
  A frilled lizard (D:2)
  3 leopard gecko skeletons
  7 rats
  2 river rat simulacra (Lair:6)
1179 creatures vanquished.

Vanquished Creatures (collateral kills)
  Aizul (Elf:1)
  A naga warrior (Snake:4)
  A mana viper (Snake:4)
  A deep elf mage (Elf:1)
  A black mamba (shapeshifter) (Elf:1)
  An air elemental (Elf:1)
  A water elemental (Elf:1)
  A fire elemental (Elf:1)
  2 nagas (Snake:4)
10 creatures vanquished.

Vanquished Creatures (others)
  A deep elf archer (Elf:1)
  A water elemental (Elf:1)
  A naga (Snake:2)
  An orc (Orc:2)
  96 fungi
  174 plants
  2 withered plants (Lair:5)
276 creatures vanquished.

Grand Total: 1465 creatures vanquished

Notes
Turn   | Place    | Note
-------+----------+-------------------------------------------
     0 | D:1      | Hastur the Kobold Brigand began the quest for the Orb.
     0 | D:1      | Reached XP level 1. HP: 12/12 MP: 1/1
    74 | D:1      | Reached XP level 2. HP: 18/18 MP: 2/2
   607 | D:1      | Reached XP level 3. HP: 22/22 MP: 3/3
   987 | D:2      | Noticed Natasha
  1211 | D:1      | Killed Natasha
  1211 | D:1      | Reached XP level 4. HP: 4/27 MP: 4/4
  1483 | D:1      | Noticed Natasha
  1495 | D:1      | Killed Natasha
  1495 | D:1      | Reached skill level 6 in Stealth
  2068 | D:1      | Noticed Natasha
  2082 | D:1      | Killed Natasha
  2082 | D:1      | Reached XP level 5. HP: 11/32 MP: 5/5
  2384 | D:2      | Noticed a phantom
  2558 | D:2      | Noticed Jessica
  2587 | D:2      | Killed Jessica
  2935 | D:2      | Noticed an ogre
  2947 | D:2      | Killed an ogre
  2947 | D:2      | Reached XP level 6. HP: 38/38 MP: 6/6
  3041 | D:2      | Found a runed translucent door.
  3044 | D:2      | Noticed Crazy Yiuf
  3049 | D:2      | Killed Crazy Yiuf
  3255 | D:2      | Killed a phantom
  3255 | D:2      | Reached skill level 7 in Stealth
  3384 | D:3      | Found a glowing golden altar of the Shining One.
  3501 | D:3      | Reached skill level 5 in Short Blades
  3506 | D:3      | Found an iron altar of Okawaru.
  3550 | D:3      | Reached XP level 7. HP: 43/43 MP: 7/7
  3709 | D:3      | Found a bloodstained altar of Trog.
  4511 | D:4      | Found a snail-covered altar of Cheibriados.
  4861 | D:5      | Entered Level 5 of the Dungeon
  5094 | D:4      | Reached XP level 8. HP: 47/48 MP: 8/8
  5109 | D:4      | Reached skill level 5 in Fighting
  5109 | D:4      | Reached skill level 8 in Stealth
  5142 | D:4      | Reached skill level 5 in Dodging
  5675 | D:5      | Found a blossoming altar of Fedhas.
  6017 | D:6      | Reached skill level 9 in Stealth
  6073 | D:6      | Found Cettimusem's Antique Weapon Boutique.
  6075 | D:6      | Reached XP level 9. HP: 55/55 MP: 9/9
  6124 | D:6      | Found an opulent altar of Gozag.
  6467 | D:6      | Found a staircase to the Ecumenical Temple.
  6478 | Temple   | Entered the Ecumenical Temple
  7317 | D:6      | Found Ujuemaez's General Store.
  7322 | D:6      | Bought a potion of invisibility for 96 gold pieces
  7465 | D:6      | Found a bloodstained altar of Trog.
  7915 | D:7      | Found an ornate altar of the Wu Jian Council.
  8574 | D:7      | Reached skill level 10 in Stealth
  8768 | D:8      | Found a stormy altar of Qazlal.
  8776 | D:8      | Got a twisted war axe
  8951 | D:8      | Found a white marble altar of Elyvilon.
  9253 | D:8      | Found a shattered altar of Ashenzari.
  9346 | D:8      | Found Bedoh's Armour Boutique.
  9366 | D:8      | Noticed an orange crystal statue
  9367 | D:8      | Found a runed translucent door.
  9388 | D:8      | Found a runed translucent door.
  9648 | D:8      | Found a hide-covered altar of Uskayaw.
  9672 | D:8      | Became a worshipper of Uskayaw the Reveler
  9779 | D:9      | Reached XP level 10. HP: 63/63 MP: 10/10
  9779 | D:9      | Reached * piety under Uskayaw
  9805 | D:9      | Reached skill level 1 in Invocations
  9805 | D:9      | Reached ** piety under Uskayaw
 10020 | D:8      | Reached *** piety under Uskayaw
 10716 | D:9      | You fall into a shaft and drop 2 floors!
 10762 | D:11     | Noticed a cyclops
 10764 | D:10     | Entered Level 10 of the Dungeon
 10794 | D:10     | Noticed a gargoyle
 10798 | D:10     | Killed a gargoyle
 10798 | D:10     | Reached skill level 11 in Stealth
 10905 | D:9      | Found a staircase to the Orcish Mines.
 11836 | D:9      | Found a runed translucent gate.
 11837 | D:9      | Found a runed translucent gate.
 11838 | D:9      | Found a runed translucent gate.
 11858 | D:9      | Noticed confidenceinterval's ghost (journeyman GnMo)
 11862 | D:9      | Noticed a freezing wraith
 12412 | D:9      | Found a hide-covered altar of Uskayaw.
 12541 | D:10     | Noticed a two-headed ogre
 12760 | D:10     | Reached skill level 10 in Short Blades
 13090 | D:10     | Reached XP level 11. HP: 50/69 MP: 14/14
 13222 | D:10     | Reached **** piety under Uskayaw
 13236 | D:10     | Reached skill level 12 in Stealth
 13236 | D:10     | Reached skill level 1 in Shields
 13237 | D:10     | Reached ***** piety under Uskayaw
 13258 | D:10     | Reached ****** piety under Uskayaw
 13454 | D:10     | Killed a two-headed ogre
 13454 | D:10     | Reached skill level 5 in Invocations
 13846 | D:10     | Found a staircase to the Lair.
 14408 | Lair:1   | Entered Level 1 of the Lair of Beasts
 14486 | Lair:1   | Reached skill level 10 in Dodging
 14887 | Lair:1   | Reached skill level 1 in Evocations
 15736 | Lair:1   | Reached skill level 13 in Stealth
 15736 | Lair:1   | Reached XP level 12. HP: 23/77 MP: 16/16
 16678 | Lair:2   | Reached skill level 10 in Fighting
 17010 | Lair:2   | Noticed a seven-headed hydra
 17013 | Lair:2   | Killed a seven-headed hydra
 17302 | Lair:2   | Noticed a death yak
 17304 | Lair:2   | Noticed a death yak
 17306 | Lair:2   | Noticed a death yak
 17307 | Lair:2   | Killed a death yak
 17309 | Lair:2   | Noticed a death yak
 17309 | Lair:2   | Noticed a death yak
 17310 | Lair:2   | Killed a death yak
 17391 | Lair:2   | Killed a death yak
 17391 | Lair:2   | Reached skill level 5 in Evocations
 17437 | Lair:2   | Killed a death yak
 17573 | Lair:2   | Killed a death yak
 17899 | Lair:2   | Found a staircase to the Shoals.
 18182 | Lair:3   | Reached skill level 14 in Stealth
 18312 | Lair:3   | Found a staircase to the Snake Pit.
 18671 | Lair:3   | Reached XP level 13. HP: 84/84 MP: 17/19
 18676 | Lair:3   | Reached skill level 5 in Shields
 19264 | Lair:3   | Identified the +3 war axe "Difyrghuf" {flame, MP-9 Dex+7}
                  | (You found it on level 8 of the Dungeon)
 19283 | Lair:3   | Learned a level 3 spell: Confusing Touch
 19283 | Lair:3   | Reached XP level 14. HP: 90/90 MP: 20/20
 19301 | Lair:3   | Noticed Sonja
 19305 | Lair:3   | Killed Sonja
 20563 | Lair:4   | Noticed Snorg
 20566 | Lair:4   | Killed Snorg
 21677 | Lair:5   | HP: 4/90 [meliai/divine providence (13)]
 21928 | Lair:5   | Reached skill level 5 in Spellcasting
 22355 | Lair:5   | Found a runed translucent door.
 22355 | Lair:5   | Noticed Cikygh's ghost (journeyman GrEE)
 22417 | Lair:5   | Reached skill level 15 in Stealth
 23141 | Lair:5   | Reached skill level 1 in Armour
 24068 | Lair:5   | Reached XP level 15. HP: 87/96 MP: 22/22
 24393 | Lair:6   | Entered Level 6 of the Lair of Beasts
 25202 | Lair:6   | Reached skill level 10 in Invocations
 26621 | Lair:6   | Reached skill level 16 in Stealth
 28071 | Lair:6   | Found a staircase to the Slime Pits.
 28360 | Lair:6   | Identified 2 scrolls of acquirement
 28360 | Lair:6   | Acquired 870 gold pieces
 28364 | Lair:6   | Acquired a manual of Invocations
 28464 | Lair:6   | Reached skill level 10 in Evocations
 28887 | Lair:6   | Identified the Handbook of Frigorific Heat
 29126 | Orc:1    | Entered Level 1 of the Orcish Mines
 29623 | Orc:1    | Found Naahiwkugh's Jewellery Emporium.
 29722 | Orc:2    | Entered Level 2 of the Orcish Mines
 30208 | Orc:2    | Reached XP level 16. HP: 95/103 MP: 24/24
 30891 | Orc:2    | Found a roughly hewn altar of Beogh.
 31930 | Orc:2    | Found a staircase to the Elven Halls.
 32293 | Orc:2    | Found Jowkocsu's Magic Scroll Shop.
 32302 | Orc:2    | Found Beuxtin's Weapon Emporium.
 32440 | Orc:2    | Reached skill level 5 in Armour
 32682 | Orc:2    | Found a roughly hewn altar of Beogh.
 32779 | Orc:2    | Found Ocluk's Antique Armour Emporium.
 32958 | Orc:2    | Found Piub Hipp's Antique Armour Shop.
 32972 | Orc:2    | Bought a pair of runed gloves for 195 gold pieces
 33030 | Orc:2    | Bought a scroll of acquirement for 936 gold pieces
 33034 | Orc:2    | Acquired a manual of Hexes
 33596 | D:11     | Found Razuxt's General Store.
 33601 | D:11     | Bought a scroll of teleportation for 48 gold pieces
 33811 | D:11     | You fall into a shaft and drop 2 floors!
 33821 | D:13     | Reached skill level 17 in Stealth
 33855 | D:12     | Found a frozen archway.
 33927 | IceCv    | Entered an ice cave
 35382 | IceCv    | Found an ancient bone altar of Kikubaaqudgha.
 38481 | D:13     | Found a gate to the Vaults.
 40224 | D:14     | Noticed Vit Zug's ghost (veteran KoGl)
 40252 | D:14     | Found a transporter.
 40263 | D:14     | Found a transporter.
 40285 | D:14     | Noticed an iron dragon
 40286 | D:14     | Found the +6 shillelagh "Devastator" {shatter}
 40291 | D:14     | Killed an iron dragon
 40387 | D:14     | Reached XP level 17. HP: 73/111 MP: 23/27
 40765 | D:14     | Reached skill level 18 in Stealth
 41755 | D:15     | Entered Level 15 of the Dungeon
 42677 | D:15     | Noticed Azrael
 42755 | D:15     | Killed Azrael
 43090 | D:15     | Found a staircase to the Depths.
 43466 | D:6      | Bought a runed dagger for 180 gold pieces
 43640 | Snake:1  | Entered Level 1 of the Snake Pit
 44362 | Snake:1  | Reached skill level 15 in Invocations
 48174 | Snake:2  | Reached skill level 19 in Stealth
 48835 | Snake:2  | Reached skill level 15 in Fighting
 50937 | D:6      | Bought a runed short sword for 216 gold pieces
 51500 | Snake:2  | Reached XP level 18. HP: 84/119 MP: 29/29
 53328 | Elf:1    | Entered Level 1 of the Elven Halls
 53349 | Elf:1    | Found a radiant altar of Vehumet.
 53508 | Elf:1    | Noticed Aizul
 53542 | Elf:1    | Killed Aizul
 54338 | Elf:1    | Found Bioh's Magic Scroll Boutique.
 56750 | Elf:1    | Identified the Grimoire of Black Rites
 56768 | Elf:1    | Found Uwaus's Assorted Antiques.
 56805 | Elf:1    | Bought a slimy short sword for 280 gold pieces
 56933 | Elf:1    | Bought a scroll of identify for 32 gold pieces
 57253 | Elf:1    | Found a shimmering altar of Xom.
 57311 | Elf:1    | Identified the +7 short sword of the World {vorpal, *Noise
                  | MR+ MP+9 Str+6} (You bought it in a shop on level 1 of the
                  | Elven Halls)
 57332 | Elf:1    | Found Ycwuitz's Magic Scroll Shoppe.
 57723 | Elf:1    | Found Ytsiy's Magic Scroll Shoppe.
 57912 | Elf:1    | Bought a scroll of acquirement for 832 gold pieces
 57912 | Elf:1    | Acquired 700 gold pieces
 57984 | Elf:2    | Found a runed translucent door.
 58031 | Elf:2    | Found a runed translucent gate.
 58031 | Elf:2    | Found a runed translucent gate.
 58034 | Elf:2    | Found a runed translucent gate.
 58584 | Elf:2    | Found Asanga's Antique Weapon Emporium.
 58742 | Elf:2    | Identified the +1 robe of the Flute {Rampage rC+}
 59562 | Elf:2    | Found Asanga's Antique Weapon Emporium.
 59862 | Elf:2    | Found a runed translucent door.
 60061 | Elf:2    | Bought a transparent dagger for 245 gold pieces
 60061 | Elf:2    | Identified the +7 dagger of the Old World {holy, Stlth+}
                  | (You bought it in a shop on level 2 of the Elven Halls)
 60065 | Elf:2    | Bought a runed rapier for 245 gold pieces
 60173 | Elf:1    | Bought a scroll of brand weapon for 340 gold pieces
 61202 | Snake:3  | Reached skill level 20 in Stealth
 62024 | Snake:3  | Noticed Louise
 62028 | Snake:3  | Killed Louise
 62209 | Snake:3  | Identified the +5 battleaxe of Hyaqu {vamp, rC++ Dex+2}
 62728 | Snake:4  | Entered Level 4 of the Snake Pit
 62746 | Snake:4  | Found a sacrificial altar of Ru.
 62828 | Snake:4  | Reached XP level 19. HP: 89/125 MP: 31/31
 62829 | Snake:4  | Found Dismol's General Store.
 62981 | Snake:4  | Found Ischaf's Distillery.
 62989 | Snake:4  | Found Ytwez's Magic Scroll Emporium.
 64028 | Snake:4  | Bought a scroll of identify for 30 gold pieces
 64056 | Snake:4  | Identified the +2 leather armour "Guhiskog" {Harm rPois rF+
                  | Regen+} (You found it on level 4 of the Snake Pit)
 64653 | Snake:4  | Found a sacrificial altar of Ru.
 64682 | Snake:4  | Found Ytwez's Magic Scroll Emporium.
 64691 | Snake:4  | Found Ischaf's Distillery.
 70107 | Snake:4  | Got a serpentine rune of Zot
 70465 | Elf:3    | Entered Level 3 of the Elven Halls
 70599 | Elf:3    | Reached skill level 15 in Dodging
 70964 | Elf:3    | Found Qaoti's Distillery.
 71533 | Elf:3    | Reached skill level 21 in Stealth
 72072 | Elf:3    | Splashed by a deep elf sorcerer's acid

Illustrated notes

Levels and vault maps discovered:
D:1:      lemuel_arrival_rhombus, layout_basic
D:2:      layout_rooms, uniq_jessica, uniq_crazy_yiuf_cottage, uniq_natasha
D:3:      layout_loops_cross, lemuel_crystal_altar,
          lemuel_coloured_pillars_altar, lightli_temple_of_fire
D:4:      layout_cave_pools, overflow_temple_1_default
D:5:      layout_basic, fedhas_bush_and_centaur_altar, minivault_4
D:6:      layout_loops_ring, grunt_gozag_breadcrumbs, minmay_temple_entry_glass,
          serial_shops, nicolae_shop_trees, kennysheep_little_box, trog_book
D:7:      layout_rooms, old_standard_altar
D:8:      layout_rooms, ashenzari_conservatory_becter, elyvilon_altar_4,
          lemuel_round_altar, serial_shops, kennysheep_mini_moat, basic_altar,
          chequers_guarded_unrand_ignorance
D:9:      layout_basic, erik_orc_4, enter_bailey_2, basic_altar,
          gammafunk_ghost_split
D:10:     layout_roguey, due_lair_maze_entry_diamond,
          chequers_serial_rivers_room_a
D:11:     layout_loops_ring, gauntlet_entry_generic, serial_shops, shop
D:12:     layout_cave_pods, portal_ice_cave_entry_ice_beasts
D:13:     layout_rooms, erik_vaults_2, serial_bayou, serial_bayou_crossing,
          serial_bayou_shore_a, serial_bayou_pond_a, serial_bayou_pond_c
D:14:     minmay_roctagon, layout_irregular_city, gammafunk_ghost_mausoleum,
          minmay_misc_feat_nine_boxes, grunt_decor_one_mirror
D:15:     grunt_enter_depths_giant_problem, layout_grid_maze, minivault_14,
          uniq_azrael
Temple:   minmay_temple_forest_path
Lair:1:   layout_regular_city, nzn_random_ring
Lair:2:   layout_regular_city, minmay_shoals_entry_centaurs
Lair:3:   layout_chaotic_city, guppyfry_snake_entry_garden,
          grunt_forest_small_clearings, serial_bayou_shore_b,
          lemuel_fruit_fields, uniq_sonja
Lair:4:   layout_regular_city, serial_bayou_shore_b, minmay_lair_oklob_chamber,
          uniq_snorg
Lair:5:   hangedman_what_comes_after_a, layout_cave_pods, gammafunk_ghost_grave,
          roderic_carrion_pond
Lair:6:   evilmike_catoblepas_cave, layout_misc_corridors,
          nicolae_slime_entry_slimehenge, eino_small_chamber_without_monster,
          eino_house_with_fridge
Snake:1:  nicolae_snake_nest, layout_concentric_octagons,
          hangedman_snake_corridor_split
Snake:2:  layout_grid_maze
Snake:3:  layout_cave_shapes, lemuel_fruit_tree, uniq_louise
Snake:4:  minmay_snake_end_coiled, layout_cave_town, basic_altar, serial_shops,
          nicolae_shop_stone, nicolae_shop_temple_entry_statues_fountains, shop
Orc:1:    cheibrodos_orc_bank, layout_caves, serial_shops, shop,
          david_defended_altar_orc
Orc:2:    st_orc_town, layout_caves, basic_altar, lightli_orcish_oven
Elf:1:    eino_elf_arrival_altar, layout_loops_ring, basic_altar, serial_shops,
          shop, shop, shop_statue, shop_statue, minivault_28, drop_trap,
          minmay_fountain_box, minmay_elf_necromancy, uniq_aizul
Elf:2:    layout_onion_city, serial_shops, nicolae_shop_window_shopping,
          ebering_ghost_reflecting_pool
Elf:3:    grunt_elf_hall_asides, layout_geoelf_castle, serial_shops, shop

Skill      XL: |  1  2  3  4  5  6  7  8  9 10 11 12 13 14 15 16 17 18 19 |
---------------+----------------------------------------------------------+-----
Short Blades   | 3 4 5 7 8 10 12 | 12.7
Dodging        | 2 3 4 6 7 9 10 11 13 14 15 | 15.3
Fighting       | 3 4 6 7 8 9 10 11 12 14 15 16 | 16.0
Stealth        | 6 7 9 10 11 13 14 15 16 17 19 20 21 | 21.1
Invocations    | 4 6 8 9 11 13 15 16 17 | 17.5
Shields        | 3 4 5 |  5.6
Evocations     | 2 5 6 8 10 | 10.0
Spellcasting   | 4 5 |  5.0
Hexes          | 6 7 |  7.0
Armour         | 1 4 5 |  5.0
Throwing       | |  2.1

Action                   |  1- 3 |  4- 6 |  7- 9 | 10-12 | 13-15 | 16-18 | 19-21 || total
-------------------------+-------+-------+-------+-------+-------+-------+-------++-------
Melee: Dagger            |    48 |    87 |   404 |   846 |  1537 |  2540 |       ||  5462
       Quarterstaff      |       |     4 |     3 |       |       |       |       ||     7
       Shillelagh        |       |       |       |       |       |    28 |       ||    28
       Rapier            |       |       |       |       |       |   681 |   876 ||  1557
Throw: Dart              |     3 |    21 |     7 |     1 |     3 |       |       ||    35
 Cast: Confusing Touch   |       |       |       |       |    13 |    30 |     2 ||    45
Invok: Stomp             |       |       |       |     1 |    12 |    17 |    10 ||    40
Evoke: Wand              |       |     7 |     2 |     7 |    20 |    44 |     7 ||    87
       Condenser vane    |       |       |       |       |     2 |     3 |       ||     5
       Box of beasts     |       |       |       |       |       |     3 |     2 ||     5
       Lightning rod     |       |       |       |       |       |       |     1 ||     1
  Use: Scroll            |       |       |    10 |       |    22 |    17 |     2 ||    51
       Potion            |       |       |     1 |       |     3 |     2 |     1 ||     7
 Stab: Sleeping          |    19 |    16 |    47 |    39 |    34 |   114 |    18 ||   287
       Distracted        |       |       |     3 |     7 |     6 |    17 |     8 ||    41
       Paralysed         |       |       |       |    11 |    20 |    72 |    28 ||   131
       Confused          |       |       |       |       |    10 |    28 |     1 ||    39
Armor: Robe              |    11 |    16 |    42 |     8 |       |       |       ||    77
       Leather armour    |       |       |       |    70 |   127 |   364 |    94 ||   655
Dodge: Dodged            |    33 |    62 |   202 |   530 |   953 |  1584 |   531 ||  3895
Block: Buckler           |       |       |       |       |   258 |   572 |   234 ||  1064

Table legend: (Time is in decaauts)
 A = Elapsed time spent in this place.
 B = Non-inter-level travel time spent in this place.
 C = Inter-level travel time spent in this place.
 D = Time resting spent in this place.
 E = Time spent auto-exploring this place.
 F = Levels seen in this place.
 G = Mean time per level.
                   A        B        C        D        E       F      G
               +--------+--------+--------+--------+--------+-----+--------+
         Total |  69145 |  65719 |   3426 |  27341 |  25175 |  32 | 2160.8 |
       Dungeon |  22219 |  20800 |   1419 |   6494 |  10373 |  15 | 1481.3 |
        Temple |    401 |    360 |     41 |      0 |    359 |   1 |  401.0 |
          Lair |  14634 |  13725 |    909 |   4732 |   5509 |   6 | 2439.0 |
     Snake Pit |  18133 |  17672 |    461 |  10719 |   4571 |   4 | 4533.2 |
  Orcish Mines |   4096 |   3844 |    252 |   1576 |   1335 |   2 | 2048.0 |
   Elven Halls |   7837 |   7495 |    342 |   2735 |   2854 |   3 | 2612.3 |
      Ice Cave |   1821 |   1821 |      0 |   1084 |    173 |   1 | 1821.0 |
               +--------+--------+--------+--------+--------+-----+--------+

Top non-repeatable levels by time:
 Snake:2: 7988 daAuts
 Snake:3: 4910 daAuts
   Elf:1: 4095 daAuts
 Snake:4: 3800 daAuts
  Lair:5: 3796 daAuts
   Orc:2: 3282 daAuts
  Lair:6: 3123 daAuts
     D:1: 2575 daAuts
  Lair:3: 2448 daAuts
   Elf:2: 2409 daAuts
    D:10: 2333 daAuts
    D:12: 2332 daAuts
     D:8: 2308 daAuts
    D:13: 2208 daAuts
  Lair:1: 2129 daAuts
